 Dungeon Crawl Stone Soup version 0.31.0-9-g3a7656b989 (webtiles) character file.

Game seed: 17692851123473271932

15848 Gottschkopf the Basher (level 12, -6/111 HPs)
             Began as a Minotaur Fighter on Jan 28, 2024.
             Was the Champion of Zin.
             Mangled by a slime creature (7 damage)
             ... on level 12 of the Dungeon.
             The game lasted 00:43:06 (10386 turns).

Gottschkopf the Basher (Minotaur Fighter)          Turns: 10386, Time: 00:43:07

Health: -6/111     AC: 22    Str: 27    XL:     12   Next: 4%
Magic:  11/11      EV:  7    Int:  5    God:    Zin [******]
Gold:   421        SH: 11    Dex:  9    Spells: 11/11 levels left

rFire   + . .        f - +1 whip (flame)
rCold   . . .        J - +0 kite shield
rNeg    . . .        c - +0 plate armour
rPois   .            (helmet restricted)
rElec   .            k - scarf {harm}
rCorr   .            K - +0 pair of gloves
SInv    .            E - +0 pair of boots
Will    .....        o - amulet of regeneration Stlth
                     i - ring of protection from fire
HPRegen 1.18/turn    t - +4 ring of protection
MPRegen 0.12/turn

%: harm (+30% outgoing, +20% incoming)
@: mighty, about to teleport, on recite cooldown
A: horns 2, retaliatory headbutt
a: Renounce Religion, Recite, Vitalisation, Imprison, Sanctuary, Donate Gold


You were on level 12 of the Dungeon.
You worshipped Zin.
Zin was exalted by your worship.
You visited 1 branch of the dungeon, and saw 12 of its levels.

You collected 830 gold pieces.
You spent 120 gold pieces at shops.
You donated 289 gold pieces to Zin.

Inventory:

Hand Weapons
 b - a +1 hand axe of flaming
 f - a +1 whip of flaming (weapon)
 r - a +2 mace of holy wrath
 s - a +3 whip of venom
 z - a +2 dire flail of draining
Missiles
 a - 14 boomerangs (quivered)
 q - 2 throwing nets
Armour
 c - a +0 plate armour (worn)
 j - a +0 helmet
 k - a scarf of harm (worn)
 E - a +0 pair of boots (worn)
 G - +2 steam dragon scales
 J - a +0 kite shield (worn)
 K - a +0 pair of gloves (worn)
Magical Staves
 O - a staff of alchemy
Jewellery
 i - a ring of protection from fire (left hand)
 o - an amulet of regeneration (around neck)
 t - a +4 ring of protection (right hand)
Wands
 n - a wand of digging (1)
 u - a wand of mindburst (27)
 x - a wand of iceblast (11)
 y - a wand of flame (30)
 C - a wand of charming (13)
Scrolls
 h - 3 scrolls of revelation
 l - a scroll of teleportation
 m - 3 scrolls of noise
 p - a scroll of vulnerability
 v - 3 scrolls of fear
 H - a scroll of immolation
 L - a scroll of brand weapon
Potions
 d - a potion of heal wounds
 e - 2 potions of attraction
 g - 2 potions of lignification
 w - a potion of haste
 A - 3 potions of curing
 B - a potion of cancellation
 F - 4 potions of enlightenment
 I - a potion of magic
 M - a potion of mutation {unknown}
Miscellaneous
 N - a lightning rod (4/4)


   Skills:
 + Level 11.6 Fighting
 + Level 0.0(9.0) Axes
 + Level 14.0 Maces & Flails
 + Level 11.6 Armour
 + Level 11.7 Shields


You had 11 spell levels left.
You didn't know any spells.
Your spell library contained the following spells:

 Spells                   Type           Power      Damage    Failure   Level
 Apportation              Tloc           0%         N/A       100%        1
 Necrotise                Necr           0%         1d4       100%        1
 Sting                    Conj/Alch      0%         1d3       100%        1
 Summon Small Mammal      Summ           0%         N/A       100%        1
 Cigotuvi's Dreadful Rot  Necr/Alch/Air  0%         N/A       100%        2
 Dispel Undead            Necr           0%         3d6       100%        4
 Martyr's Knell           Necr/Summ      0%         N/A       100%        4
 Death Channel            Necr           0%         N/A       100%        6
 Malign Gateway           Summ/Tloc      0%         N/A       100%        7
 Summon Horrible Things   Summ           0%         N/A       100%        8


Dungeon Overview and Level Annotations

Branches:
Dungeon (12/15)            Temple (0/1) D:5            Lair (0/5) D:10
    Orc (0/2) D:12

Altars:
Ashenzari
Cheibriados
Dithmenos
Elyvilon
Fedhas
Hepliaklqana
Nemelex Xobeh
Trog
Vehumet
Zin

Shops:
D:9 !   D:10 *

Annotations:
D:12 2 transporters, Skimidon's ghost, journeyman VSSh


Innate Abilities, Weirdness & Mutations

You have a pair of horns on your head.
You reflexively headbutt those who attack you in melee.


Message History

The ice dragon is moderately wounded.
You hit the ice dragon. You burn the ice dragon.
You headbutt the ice dragon, but do no damage.
The ice dragon is moderately wounded.
The ice dragon bites you but does no damage.
You block the ice dragon's attack.
The ice dragon tramples you but does no damage.
You hit the ice dragon but do no damage.
The ice dragon is moderately wounded.
You hit the ice dragon. You burn the ice dragon.
The ice dragon is heavily wounded.
The slime creature hits you but does no damage.
The ice dragon bites you but does no damage.
The ice dragon claws you but does no damage.
The ice dragon tramples you!
You stumble backwards!
You feel very mighty all of a sudden.
A slime creature comes into view.
The ice dragon breathes frost at you. The blast of cold hits you!!!
* * * LOW HITPOINT WARNING * * *
The slime creature quivers.
You feel much better. You block the slime creature's attack.
The slime creature hits you!
* * * LOW HITPOINT WARNING * * *
A slime creature comes into view.
The ice dragon bites you!
* * * LOW HITPOINT WARNING * * *
The ice dragon closely misses you. The ice dragon tramples you.
* * * LOW HITPOINT WARNING * * *
You stumble backwards!
The slime creature moves out of view.
As you read the scroll of teleportation, it crumbles to dust.
You feel strangely unstable.
The ice dragon bites you but does no damage.
You block the ice dragon's attack. x2
The slime creature attacks as it pursues you!
The slime creature hits you.
* * * LOW HITPOINT WARNING * * *
The slime creature attacks as it pursues you!
The slime creature hits you.
You die...

###.....#'##............#
..#.....#..######.......#
.<#.....'.......#.......#
..#....)#.......#>.......
..#.....#.......#.#######
..#.....#......##.#
..#.....###....#..#
..#.......#....#..#
..#.......#..###@.##
..#.......#..#.JJ..#
..#.......#..#..D..#
.^#.......####.[...#####
..#......................
..#.###########....#####.
..#.# #..### ..#.# #.J#
###.#########...J#


You could see an ice dragon (catching breath) and 3 slime creatures.

Vanquished Creatures
  Josephine (D:10)
  A hydra (D:9)
  2 boulder beetles (D:12)
  A two-headed ogre (D:12)
  An ugly thing (D:12)
  Pikel (D:6)
  Maurice (D:10)
  A gargoyle (D:12)
  4 kobold demonologists
  Jeremiah (D:6)
  A komodo dragon (D:10)
  A tengu conjurer (D:12)
  Psyche (D:10)
  A troll (D:11)
  2 hornets
  Grinder (D:6)
  2 dream sheep (D:9)
  A wyvern (D:10)
  3 slime creatures (D:12)
  Eustachio (D:6)
  A shadow (D:11)
  2 vampires (D:11)
  8 yaks
  6 wraiths
  A basilisk (D:10)
  3 steam dragons
  3 vampire mosquitoes (D:10)
  Edmund (D:5)
  An acid dragon (D:9)
  Duvessa (D:5)
  3 water moccasins
  3 orc warriors (D:9)
  A black bear (D:7)
  An ice beast (D:7)
  2 ogres
  4 centaurs
  A phantom (D:5)
  A bullfrog (D:7)
  5 kobold brigands
  Blork the orc (D:5)
  2 gnoll sergeants
  A scorpion (D:5)
  Dowan (D:5)
  13 killer bees
  2 howler monkeys
  An electric eel (D:11)
  2 hounds (D:5)
  2 gnoll boudas
  3 jellies
  3 iguanas
  3 orc priests
  9 orc wizards
  23 gnolls
  9 adders
  2 white imps
  3 dart slugs
  A ribbon worm (D:2)
  35 orcs
  2 ball pythons (D:4)
  7 endoplasms
  2 giant cockroaches
  13 goblins
  8 hobgoblins
  5 quokkas
  7 bats
  4 frilled lizards
  11 kobolds
  5 rats
  A spectral hobgoblin (D:1)
257 creatures vanquished.

Vanquished Creatures (others)
  An orc (D:6)
1 creature vanquished.

Grand Total: 258 creatures vanquished

Notes
Turn   | Place    | Note
-------+----------+-------------------------------------------
     0 | D:1      | Gottschkopf the Minotaur Fighter began the quest for the
                  | Orb.
     0 | D:1      | Reached XP level 1. HP: 19/19 MP: 0/0
   227 | D:1      | Reached XP level 2. HP: 27/27 MP: 1/1
   542 | D:1      | Found a faded altar of an unknown god.
   550 | D:1      | Prayed at the altar of an unknown god.
   550 | D:1      | Became a worshipper of Zin the Law-Giver
   550 | D:1      | Reached * piety under Zin
   866 | D:2      | Reached XP level 3. HP: 17/33 MP: 2/2
   961 | D:2      | Reached ** piety under Zin
  1392 | D:3      | Reached XP level 4. HP: 40/41 MP: 3/3
  1414 | D:3      | Identified the +0 ring mail of Badyfik {rN+ Str-3 Dex+5
                  | Stlth+}
  1689 | D:3      | Reached *** piety under Zin
  1691 | D:3      | Found a blossoming altar of Fedhas.
  1789 | D:4      | Reached skill level 5 in Fighting
  1789 | D:4      | Reached XP level 5. HP: 48/48 MP: 4/4
  1835 | D:4      | Found a bloodstained altar of Trog.
  1851 | D:4      | Reached skill level 5 in Armour
  1855 | D:4      | Reached skill level 5 in Shields
  2018 | D:4      | Reached skill level 3 in Maces & Flails
  2316 | D:4      | Found a hazy altar of Hepliaklqana.
  2317 | D:4      | Found a radiant altar of Vehumet.
  2446 | D:4      | Found a sparkling altar of Nemelex Xobeh.
  2865 | D:5      | Entered Level 5 of the Dungeon
  2870 | D:5      | Reached XP level 6. HP: 50/56 MP: 5/5
  2897 | D:5      | Found a shadowy altar of Dithmenos.
  2906 | D:5      | Reached **** piety under Zin
  2943 | D:5      | Reached skill level 4 in Maces & Flails
  3121 | D:5      | Reached XP level 7. HP: 62/62 MP: 6/6
  3209 | D:5      | Reached skill level 5 in Maces & Flails
  3274 | D:5      | Noticed Duvessa
  3275 | D:5      | Noticed Dowan
  3275 | D:5      | Noticed Edmund
  3387 | D:5      | Killed Edmund
  3399 | D:5      | Killed Duvessa
  3544 | D:5      | Killed Dowan
  3628 | D:5      | Noticed Blork the orc
  3636 | D:5      | Killed Blork the orc
  3637 | D:5      | Reached skill level 6 in Maces & Flails
  3673 | D:5      | Found a white marble altar of Elyvilon.
  3717 | D:5      | Found a staircase to the Ecumenical Temple.
  3821 | D:5      | Reached XP level 8. HP: 69/71 MP: 7/7
  3925 | D:6      | Noticed Grinder
  3936 | D:6      | Paralysed by Grinder for 2 turns
  3946 | D:6      | Killed Grinder
  3949 | D:6      | Reached skill level 7 in Maces & Flails
  4381 | D:6      | Noticed Pikel
  4394 | D:6      | Killed Pikel
  4395 | D:6      | Reached skill level 8 in Maces & Flails
  4476 | D:6      | Noticed Eustachio
  4494 | D:6      | Killed Eustachio
  4495 | D:6      | Reached XP level 9. HP: 75/79 MP: 8/8
  4591 | D:6      | Noticed Jeremiah
  4626 | D:6      | Killed Jeremiah
  5040 | D:7      | Reached skill level 9 in Maces & Flails
  5433 | D:7      | Reached ***** piety under Zin
  5788 | D:8      | Found a broken altar of Ashenzari.
  5911 | D:8      | Reached skill level 10 in Maces & Flails
  6669 | D:9      | Reached XP level 10. HP: 89/90 MP: 9/9
  6685 | D:9      | Noticed a three-headed hydra
  6694 | D:9      | Killed a one-headed hydra
  6695 | D:9      | Reached skill level 11 in Maces & Flails
  6933 | D:9      | Noticed a sun demon
  7238 | D:9      | Found Jyll's Distillery.
  7493 | D:9      | Bought a potion of heal wounds for 60 gold pieces
  7493 | D:9      | Bought a potion of heal wounds for 60 gold pieces
  7554 | D:9      | Reached skill level 12 in Maces & Flails
  8032 | D:9      | Donated 206 gold pieces to Zin
  8039 | D:10     | Entered Level 10 of the Dungeon
  8100 | D:10     | Noticed Maurice
  8112 | D:10     | Maurice stole 8 boomerangs
  8116 | D:10     | Killed Maurice
  8117 | D:10     | Reached skill level 10 in Shields
  8330 | D:10     | Found Jang's Assorted Antiques.
  8361 | D:10     | Reached skill level 10 in Fighting
  8361 | D:10     | Reached skill level 10 in Armour
  8449 | D:10     | Noticed Josephine
  8466 | D:10     | Killed Josephine
  8467 | D:10     | Reached XP level 11. HP: 72/100 MP: 7/10
  8698 | D:10     | Found a staircase to the Lair.
  8698 | D:10     | Noticed Psyche
  8726 | D:10     | Reached skill level 13 in Maces & Flails
  8746 | D:10     | Killed Psyche
  8946 | D:10     | Found a snail-covered altar of Cheibriados.
  9009 | D:11     | Paralysed by a hornet for 1 turns
  9025 | D:11     | Reached ****** piety under Zin
  9975 | D:12     | Noticed a brown ugly thing
  9989 | D:12     | Killed a brown ugly thing
 10069 | D:12     | Found a transporter.
 10072 | D:12     | Noticed Skimidon's ghost (journeyman VSSh)
 10075 | D:12     | Found a transporter.
 10076 | D:12     | Noticed a necromancer
 10088 | D:12     | Noticed a phantasmal warrior
 10212 | D:12     | Found a staircase to the Orcish Mines.
 10218 | D:12     | Noticed a boulder beetle
 10242 | D:12     | Killed a boulder beetle
 10286 | D:12     | Noticed a boulder beetle
 10302 | D:12     | Killed a boulder beetle
 10342 | D:12     | Noticed a two-headed ogre
 10353 | D:12     | Killed a two-headed ogre
 10354 | D:12     | Reached skill level 14 in Maces & Flails
 10354 | D:12     | Reached XP level 12. HP: 111/111 MP: 11/11
 10366 | D:12     | Noticed an ice dragon
 10384 | D:12     | HP: 5/111 [ice dragon (2)]
 10386 | D:12     | HP: 1/111 [slime creature (6)]
 10386 | D:12     | Mangled by a slime creature

Illustrated notes

Levels and vault maps discovered:
D:1:      nicolae_arrival_memento_mori, layout_loops_ring,
          dreamdust_ecumenical_altar_drowned_temple
D:2:      layout_basic, eino_tiny_chamber, minmay_misc_feat_rugged
D:3:      layout_basic, lemuel_coloured_pillars_altar
D:4:      layout_basic, mainiacjoe_overflow_boulevard,
          mainiacjoe_overflow_six_doors_small, mainiacjoe_overflow_divided_tiny,
          dk_noncrumbling_4
D:5:      layout_loops_ring, grunt_dithmenos_smoke_and_mirrors,
          lemuel_doored_altar, minmay_temple_entry_statues_pillars,
          uniq_duvessa, uniq_blork_the_orc, uniq_edmund
D:6:      layout_cave_pools, uniq_eustachio, uniq_pikel, uniq_jeremiah,
          uniq_grinder
D:7:      layout_gridville
D:8:      layout_basic, evilmike_ruin_ashenzari, kennysheep_generic_room_8
D:9:      layout_roguey [special_room_orc], serial_library,
          serial_library_hellmonk_secret_room,
          serial_library_hellmonk_long_bookcase,
          serial_library_regret_index_double_sided,
          serial_library_hellmonk_recessed_alcove,
          serial_library_regret_index_branch_corner,
          serial_library_hellmonk_room_a, serial_shops,
          nicolae_shop_tiny_real_fake_doors, hangedman_ranch
D:10:     layout_roguey, mainiacjoe_overflow_alcove_2, david_lair_shrubbed,
          serial_shops, shop, minmay_stone_trees_small, uniq_maurice,
          uniq_psyche, uniq_josephine
D:11:     layout_roguey, minmay_crystal_water
D:12:     layout_irregular_city, orc_0_dummy, gammafunk_ghost_mausoleum,
          minmay_diamond_spiral, uniq_azrael

Skill      XL: |  1  2  3  4  5  6  7  8  9 10 11 |
---------------+----------------------------------+-----
Armour         | 4 5 6 7 8 10 11 | 11.6
Fighting       | 4 5 6 7 8 10 11 | 11.6
Shields        | 4 5 6 7 8 10 11 | 11.7
Maces & Flails | 3 4 6 8 10 12 14 | 14.0

Action                     |  1- 3 |  4- 6 |  7- 9 | 10-12 || total
---------------------------+-------+-------+-------+-------++-------
  Melee: Flail             |    88 |    26 |       |       ||   114
         Headbutt          |     9 |    28 |    48 |   110 ||   195
         Whip              |       |    91 |   279 |   404 ||   774
         Mace              |       |       |       |    85 ||    85
         Hand axe          |       |       |       |    23 ||    23
 Invoke: Vitalisation      |       |       |     1 |     2 ||     3
         Recite            |       |       |     1 |    17 ||    18
         Donate Gold       |       |       |       |     1 ||     1
  Evoke: Wand              |       |       |       |     1 ||     1
    Use: Scroll            |       |       |    14 |    13 ||    27
         Potion            |       |       |     2 |     8 ||    10
   Stab: Confused          |       |       |       |     2 ||     2
 Armour: Scale mail        |    66 |    62 |   110 |       ||   238
         Steam dragon scal |       |       |    49 |    44 ||    93
         Plate armour      |       |       |       |   232 ||   232
  Dodge: Dodged            |    37 |    48 |   103 |   102 ||   290
  Block: Buckler           |    22 |    26 |    43 |       ||    91
         Kite shield       |       |       |     5 |   195 ||   200
